 Dungeon Crawl Stone Soup version 0.26-a0-259-g1effd001a9 (webtiles) character file.

Game seed: 3816649732856993752

57371 MalarOregon the Destroyer (level 14, -4/181 HPs)
             Began as a White Draconian Conjurer on July 20, 2020.
             Was the Champion of Fedhas.
             Killed from afar by a raiju (12 damage)
             ... with a living lightning
             ... on level 2 of the Abyss.
             The game lasted 01:01:53 (32339 turns).

MalarOregon the Destroyer (DrCj)                   Turns: 32339, Time: 01:01:53

Health: -4/181     AC: 27    Str: 15    XL:     14   Next: 45%
Magic:  28/28      EV:  2    Int: 19    God:    Fedhas [******]
Gold:   1514       SH:  5    Dex: 13    Spells: 29/33 levels left

rFire    . . .     SeeInvis .   I - +3 dagger (drain)
rCold    . . .     Faith    .   w - +0 buckler
rNeg     + + +     Spirit   .   (armour unavailable)
rPois    +         Reflect  .   (helmet currently unavailable)
rElec    .         Harm     .   (cloak currently unavailable)
rCorr    +         NoTele   +   (gloves currently unavailable)
MR       +....                  (boots currently unavailable)
Stlth    ++........             O - amulet of the Present {Acrobat Str+2 Dex+2}
HPRegen  0.40/turn              T - ring of resist corrosion
MPRegen  0.21/turn              b - +4 ring of slaying

@: tree-form, studying Slings
A: (breathe frost), unfitting armour, AC +8
a: Wall of Briars, Grow Ballistomycete, Overgrow, Grow Oklob, Renounce Religion


You were on level 2 of the Abyss.
You worshipped Fedhas.
Fedhas was exalted by your worship.
You were not hungry.
You were a tree.
You visited 2 branches of the dungeon, and saw 19 of its levels.
You visited the Abyss 1 time.
You also visited: Sewer and Volcano.

You collected 1637 gold pieces.
You spent 123 gold pieces at shops.

Inventory:

Hand Weapons
 o - a +4 short sword of electrocution
   (You took it off an orc on level 5 of the Dungeon)
 r - a +4 short sword
   (You took it off an orc on level 3 of the Dungeon)
 A - a +2 scimitar of flaming
   (You took it off Maggie on level 6 of the Dungeon)
 I - a +3 dagger of draining (weapon)
   (You found it on level 7 of the Dungeon)
 J - a +1 dagger of venom
   (You took it off an orc on level 8 of the Dungeon)
Missiles
 l - 29 poisoned darts (quivered)
 E - 14 boomerangs of dispersal {!f}
 H - 3 throwing nets {!f}
 P - 7 atropa-tipped darts
 R - a curare-tipped dart {!f}
Armour
 w - a +0 buckler (worn)
   (You found it on level 3 of the Dungeon)
 y - a scarf of repulsion (melded)
   (You found it on level 3 of the Dungeon)
 z - a +2 pair of gloves (melded)
   (You found it on level 1 of the Dungeon)
 B - a +2 hat of see invisible (melded)
   (You took it off Gastronok on level 8 of the Dungeon)
 M - a +1 pair of boots (melded)
   (You found it on level 5 of the Dungeon)
Jewellery
 b - a +4 ring of slaying (right branch)
   (You found it on level 1 of the Dungeon)
 D - the ring "Kot Yjin" {Fire rN+}
   (You found it on level 9 of the Dungeon)

   [ring of fire]

   It enhances your fire magic.
   It protects you from fire.
   It makes you vulnerable to cold.
   It protects you from negative energy.
 L - an uncursed ring of poison resistance
   (You took it off a gnoll on level 9 of the Dungeon)
 O - the amulet of the Present (around neck) {Acrobat Str+2 Dex+2}
   (You acquired it on level 6 of the Lair of Beasts)

   [amulet of the acrobat]

   It helps you evade while moving and waiting.
   It affects your strength (+2).
   It affects your dexterity (+2).
 T - a ring of resist corrosion (left branch)
   (You took it off a spriggan on level 2 of the Lair of Beasts)
Wands
 c - a wand of disintegration (10)
   (You took it off Maggie on level 6 of the Dungeon)
 d - a wand of iceblast (6)
   (You found it on level 11 of the Dungeon)
 k - a wand of polymorph (2)
   (You found it on level 2 of the Lair of Beasts)
 t - a wand of flame (13)
   (You found it on level 6 of the Lair of Beasts)
 u - a wand of paralysis (10)
   (You found it on level 3 of the Dungeon)
 v - a wand of digging (4)
   (You found it on level 11 of the Dungeon)
 K - a wand of clouds (14)
   (You found it on level 11 of the Dungeon)
Scrolls
 a - 7 scrolls of remove curse {@r2}
 f - 3 scrolls of amnesia
 n - 7 scrolls of teleportation {@r4}
 N - a scroll of fear
 Q - a scroll of blinking
 X - 3 scrolls of identify {@r1}
Potions
 g - a potion of might
 h - 2 potions of lignification {!q}
 i - a potion of haste {unknown}
 j - 5 potions of curing {@q1}
 m - a potion of invisibility
 q - a potion of flight
 x - 5 potions of berserk rage
 F - 4 potions of stabbing
 G - a potion of brilliance
 V - 3 potions of mutation {!q}
Books
 p - a manual of Slings {!d}
   (You found it on level 2 of the Lair of Beasts)
Miscellaneous
 s - a phantom mirror
 S - a tin of tremorstones (3/3)
   (You found it on level 5 of the Lair of Beasts)
Comestibles
 e - 53 rations {!d}


   Skills:
 - Level 10.0 Fighting
 - Level 9.5(10.6) Short Blades
 + Level 7.8(9.9) Long Blades
 - Level 10.0 Dodging
 - Level 1.7 Stealth
 - Level 4.0 Shields
 - Level 10.0 Spellcasting
 - Level 10.0 Conjurations
 + Level 8.5 Invocations
 + Level 7.9 Evocations


You had 29 spell levels left.
You knew the following spells:

 Your Spells              Type           Power        Failure   Level
z - Fulminant Prism       Conj/Hex       ####......   10%         4

Your spell library contained the following spells:

 Spells                   Type           Power        Failure   Level
 Magic Dart               Conj           ####         1%          1
 Searing Ray              Conj           #####.       1%          2
 Dazzling Flash           Conj/Hex       ####..       2%          3
 Beastly Appendage        Tmut           #.....       8%          1
 Infusion                 Chrm           #...         8%          1
 Iskenderun's Mystic Bla  Conj/Tloc      ####....     10%         4
 Shroud of Golubria       Chrm/Tloc      #.....       11%         2
 Song of Slaying          Chrm           #.......     11%         2
 Sticks to Snakes         Tmut           #.......     11%         2
 Ozocubu's Armour         Chrm/Ice       #.......     22%         3
 Spectral Weapon          Hex/Chrm       #.......     22%         3
 Spider Form              Tmut/Pois      #.........   22%         3
 Ice Form                 Ice/Tmut       #.......     58%         4
 Blade Hands              Tmut           #.........   90%         5


Dungeon Overview and Level Annotations

Branches:
Dungeon (13/15)            Temple (0/1) D:5            Lair (6/6) D:11
  Swamp (0/4) Lair:3       Spider (0/4) Lair:4        Slime (0/5) Lair:5
    Orc (0/2) D:12          Sewer (visited)         Volcano (visited)
 Vaults: D:13-14

Altars:
Ashenzari
Cheibriados
Dithmenos
Fedhas
Makhleb
Nemelex Xobeh
Okawaru
Qazlal
Sif Muna
Trog
Yredelemnul
Zin
The Shining One
Jiyva

Shops:
D:6 [   D:7 =   D:9 (   D:10 [

Annotations:
D:13 Sonja


Innate Abilities, Weirdness & Mutations

((You can breathe waves of freezing cold.))
((You can buffet flying creatures when you breathe cold.))
((Your icy white scales are hard. (AC +8)))
You cannot fit into any form of body armour.
((Your flesh is cold resistant. (rC+)))
((You are cold-blooded and may be slowed by cold attacks.))


Message History

The raiju bursts into living lightning!
The living lightning hits the raiju.
The raiju completely resists.
The living lightning hits the hellwing!
The living lightning hits you.
* * * LOW HITPOINT WARNING * * *
The living lightning hits you!
* * * LOW HITPOINT WARNING * * *
The raiju blinks! x5
Okay, then.
Unknown command.
You feel better.
The hellwing hits you but does no damage.
The hellwing hits you.
* * * LOW HITPOINT WARNING * * *
You puncture the hellwing!
Lightning courses through the hellwing!!
You kill the hellwing!
Fedhas accepts your kill.
The raiju bursts into living lightning!
The living lightning hits the raiju.
The raiju completely resists.
The living lightning hits you but does no damage. x2
The raiju blinks! x3
You puncture the raiju! You barely miss the raiju.
The raiju bites you but does no damage.
You closely miss the raiju.
Your +4 short sword of electrocution stops crackling.
You sense an unholy aura.
I - a +3 dagger of draining (weapon)
The raiju bites you but does no damage.
You closely miss the raiju. You hit the raiju but do no damage.
The raiju barely misses you.
The raiju bursts into living lightning!
The living lightning hits the raiju.
The raiju completely resists.
The living lightning hits you!
* * * LOW HITPOINT WARNING * * *
The living lightning hits you but does no damage.
The raiju blinks! x4
You hit the raiju but do no damage. You drain the raiju.
You barely miss the raiju. The raiju bites you but does no damage.
You puncture the raiju! You hit the raiju. The raiju bites you.
* * * LOW HITPOINT WARNING * * *
The raiju shocks you!
* * * LOW HITPOINT WARNING * * *
The raiju bursts into living lightning!
The living lightning hits the raiju.
The raiju completely resists.
The living lightning hits you!
* * * LOW HITPOINT WARNING * * *
The living lightning hits you!
You die...
Fedhas appreciates your contribution to the ecosystem.

..# .
... .
#.##
.... .
. #..
# ....
. #.
#.. ..
## #.
.. .
#..h#
# h# #
. ##h#
.
#♣#.#
#
.#####
. .. #
. .. .
. . .


You could see 3 raiju.

Vanquished Creatures
  2 acid blobs (Lair:5)
  Gastronok (D:8)
  3 very ugly things (Abyss:2)
  Nessos (Lair:5)
  Snorg (D:10)
  A fire dragon (Lair:6)
  7 hydras
  The ghost of Gibetzo the Magician, a journeyman GnSk of Okawaru (Lair:2)
  2 alligators (Lair:4)
  An ogre mage (Volcano)
  6 two-headed ogres
  A fire crab (Lair:6)
  A hell knight (Volcano)
  An unseen horror (D:11)
  An orb spider (Lair:4)
  9 elephants
  A centaur zombie (D:10)
  2 molten gargoyles (Lair:6)
  3 black mambas (Lair:6)
  A gargoyle (D:13)
  9 cane toads
  3 centaur skeletons
  Maggie (D:6)
  2 rime drakes
  7 komodo dragons
  A hellwing (Abyss:2)
  An ancient zyme (Abyss:2)
  2 trolls
  A hornet (Lair:2)
  14 blink frogs
  2 slime creatures (D:12)
  7 hippogriffs
  4 spriggans (Lair:2)
  A wraith (D:12)
  18 yaks
  6 basilisks
  A vampire (D:12)
  2 golden eyes (Abyss:2)
  5 wyverns
  3 swamp worms (Lair:4)
  A warg (D:12)
  10 water moccasins
  4 hell hounds (Lair:6)
  An acid dragon (D:12)
  4 porcupines
  8 orc warriors
  2 swamp drakes (Lair:4)
  A black bear (D:8)
  2 sky beasts
  An ice beast (D:13)
  2 phantoms
  An eye of draining (D:13)
  10 ogres
  8 centaurs
  15 wolves
  5 crocodiles
  6 big kobolds
  A small abomination (Abyss:2)
  10 bullfrogs
  6 scorpions
  5 killer bees (D:8)
  4 wights (D:7)
  2 howler monkeys (D:8)
  3 lava snakes (Lair:6)
  3 bullfrog zombies
  3 bullfrog skeletons
  8 hounds
  2 jellies
  9 orc priests
  12 orc wizards
  3 gnoll shamans
  Terence (D:3)
  3 iguanas
  14 worker ants
  A hound zombie (D:5)
  A howler monkey zombie (D:7)
  Robin (D:2)
  10 adders
  29 gnolls
  A shadow imp (D:8)
  2 white imps
  5 ufetubi
  An adder zombie (D:8)
  An adder skeleton (D:6)
  3 worms
  6 dart slugs
  8 leopard geckos
  40 orcs
  5 giant cockroaches
  15 goblins
  11 hobgoblins
  11 jackals
  6 quokkas
  2 ball pythons
  2 ball python skeletons (D:4)
  5 bats
  7 frilled lizards
  21 kobolds
  A leopard gecko skeleton (D:5)
  2 quokka skeletons
  4 rats
  A spectral orc (D:8)
508 creatures vanquished.

Vanquished Creatures (collateral kills)
  2 moths of wrath (Lair:2)
  A hornet (Lair:2)
  2 spriggans (Lair:2)
  8 ballistomycete spores (Lair:2)
13 creatures vanquished.

Vanquished Creatures (others)
  2 two-headed ogres (Volcano)
  A centaur (Lair:4)
  A ballistomycete spore (Lair:2)
  9 fulminant prisms
  11 fungi
  10 plants
34 creatures vanquished.

Grand Total: 555 creatures vanquished

Notes
Turn   | Place    | Note
-------+----------+-------------------------------------------
     0 | D:1      | MalarOregon the Draconian Conjurer began the quest for the
                  | Orb.
     0 | D:1      | Reached XP level 1. HP: 14/14 MP: 3/3
   378 | D:1      | Reached XP level 2. HP: 22/22 MP: 5/5
   517 | D:1      | Reached skill level 1 in Fighting
   893 | D:1      | Reached XP level 3. HP: 28/28 MP: 4/6
  1351 | D:2      | Found a faded altar of an unknown god.
  1722 | D:2      | Found a snail-covered altar of Cheibriados.
  1771 | D:2      | Found a sparkling altar of Nemelex Xobeh.
  1771 | D:2      | Noticed Robin
  1806 | D:2      | Killed Robin
  1806 | D:2      | Reached XP level 4. HP: 21/36 MP: 1/7
  2077 | D:2      | Noticed a bullfrog
  2082 | D:2      | Killed a bullfrog
  2082 | D:2      | Reached skill level 1 in Short Blades
  2144 | D:2      | Reached XP level 5. HP: 41/41 MP: 6/9
  2232 | D:2      | Found a burning altar of Makhleb.
  2635 | D:3      | Found a glowing drain.
  2760 | Sewer    | Entered a sewer
  2972 | Sewer    | Noticed a crocodile
  2979 | Sewer    | Killed a crocodile
  2979 | Sewer    | Reached XP level 6. HP: 45/50 MP: 8/10
  3079 | D:3      | Reached skill level 5 in Conjurations
  3250 | D:3      | Noticed Terence
  3441 | D:3      | Learned a level 4 spell: Fulminant Prism
  4244 | D:4      | Found a burning altar of Makhleb.
  4262 | D:4      | Found a shadowy altar of Dithmenos.
  4262 | D:4      | Found a glowing silver altar of Zin.
  4358 | D:4      | Found an iron altar of Okawaru.
  4358 | D:4      | Found a blossoming altar of Fedhas.
  4369 | D:4      | Became a worshipper of Fedhas Madash
  4873 | D:5      | Entered Level 5 of the Dungeon
  4873 | D:5      | Found a staircase to the Ecumenical Temple.
  4880 | D:5      | Reached skill level 1 in Shields
  4880 | D:5      | Your scales start taking on an icy white colour.
  4880 | D:5      | Reached XP level 7. HP: 50/57 MP: 12/12
  4880 | D:5      | Gained mutation: Your flesh is cold resistant. (rC+) [White
                  | Draconian growth]
  5061 | D:5      | Noticed a hippogriff
  5094 | D:5      | Killed a hippogriff
  5282 | D:5      | Found a stormy altar of Qazlal.
  5400 | D:5      | Found a shadowy altar of Dithmenos.
  5591 | D:5      | Reached XP level 8. HP: 62/66 MP: 14/14
  5755 | D:6      | Found Luppab's Armour Boutique.
  5780 | D:6      | Noticed Maggie
  5796 | D:6      | Killed Maggie
  5803 | D:6      | Reached * piety under Fedhas
  6244 | D:6      | Reached skill level 5 in Fighting
  6687 | D:6      | Reached XP level 9. HP: 73/74 MP: 16/16
  6696 | D:6      | Reached skill level 5 in Dodging
  6699 | D:6      | Reached skill level 5 in Spellcasting
  7638 | D:7      | Found Teovao's Jewellery Boutique.
  7641 | D:7      | Bought the cursed ring of Toril {rPois Int-4} for 123 gold
                  | pieces
  7735 | D:7      | Reached ** piety under Fedhas
  8085 | D:7      | Reached skill level 5 in Short Blades
  8269 | D:7      | Found a glowing golden altar of the Shining One.
  8515 | D:7      | Found a shimmering blue altar of Sif Muna.
  8892 | D:8      | Noticed Gastronok
  9614 | D:8      | Reached XP level 10. HP: 49/84 MP: 18/18
  9615 | D:8      | Reached *** piety under Fedhas
 10395 | D:8      | Killed Gastronok
 10959 | D:8      | Found a basalt altar of Yredelemnul.
 11369 | D:9      | Reached **** piety under Fedhas
 11732 | D:9      | Found Qenup's Antique Weapon Emporium.
 11732 | D:9      | Noticed a two-headed ogre
 11804 | D:9      | Killed a two-headed ogre
 12402 | D:9      | Got a faintly glowing copper ring
 12404 | D:9      | Identified the ring "Kot Yjin" {Fire rN+} (You found it on
                  | level 9 of the Dungeon)
 12605 | D:10     | Entered Level 10 of the Dungeon
 12670 | D:10     | Reached XP level 11. HP: 90/94 MP: 21/21
 12701 | D:10     | Found Qufid's Antique Armour Boutique.
 12741 | D:10     | Noticed Snorg
 12753 | D:10     | Killed Snorg
 13618 | D:11     | Noticed a two-headed ogre
 13631 | D:11     | Killed a two-headed ogre
 14198 | D:11     | Noticed an unseen horror
 14207 | D:11     | Killed an unseen horror
 14285 | D:11     | Found a staircase to the Lair.
 14409 | Lair:1   | Entered Level 1 of the Lair of Beasts
 15193 | Lair:1   | Noticed an eight-headed hydra
 15206 | Lair:1   | Killed a three-headed hydra
 15798 | Lair:2   | You fall into a shaft and drop 1 floor!
 15912 | Lair:2   | Noticed an oklob plant
 16192 | Lair:2   | Found a transporter.
 16192 | Lair:2   | Found a transporter.
 16202 | Lair:2   | Identified the +5 trident "Nypso" {freeze, Int+5}
 16202 | Lair:2   | Noticed a spriggan rider
 16203 | Lair:2   | Noticed Gibetzo's ghost (journeyman GnSk)
 16205 | Lair:2   | Found a bloodstained altar of Trog.
 16282 | Lair:2   | Identified the +7 trident "Sotteov" {speed, Int+3 SInv}
 16282 | Lair:2   | Noticed a spriggan rider
 16622 | Lair:3   | Reached skill level 1 in Long Blades
 16622 | Lair:3   | Reached skill level 1 in Invocations
 16622 | Lair:3   | Reached skill level 1 in Evocations
 17359 | Lair:3   | Reached XP level 12. HP: 23/105 MP: 24/24
 17673 | Lair:3   | Noticed a seven-headed hydra
 17686 | Lair:3   | Killed a two-headed hydra
 18107 | Lair:3   | Found a staircase to the Swamp.
 18818 | Lair:4   | Noticed a four-headed hydra
 18827 | Lair:4   | Killed a one-headed hydra
 18837 | Lair:4   | Found a dark tunnel.
 19023 | Lair:4   | Reached ***** piety under Fedhas
 19303 | Volcano  | Entered a volcano
 19372 | Volcano  | Noticed an ogre mage
 19416 | Volcano  | Killed an ogre mage
 19420 | Volcano  | Found a burning altar of Makhleb.
 19421 | Volcano  | Noticed a two-headed ogre
 19427 | Volcano  | Noticed a two-headed ogre
 19428 | Volcano  | Noticed a two-headed ogre
 19443 | Volcano  | Killed a two-headed ogre
 19480 | Volcano  | Killed a two-headed ogre
 19541 | Volcano  | Killed a two-headed ogre
 19674 | Volcano  | Killed a two-headed ogre
 19911 | Volcano  | Reached skill level 10 in Conjurations
 20102 | Volcano  | Noticed a two-headed ogre
 20102 | Volcano  | Noticed a two-headed ogre
 20135 | Volcano  | Killed a two-headed ogre
 20138 | Volcano  | Killed a two-headed ogre
 20385 | Lair:4   | Found a hole to the Spider Nest.
 20401 | Lair:4   | Reached skill level 10 in Fighting
 21227 | Lair:4   | Noticed an alligator
 21252 | Lair:4   | Found a shattered altar of Ashenzari.
 21268 | Lair:4   | Killed an alligator
 22098 | Lair:4   | Reached XP level 13. HP: 113/113 MP: 25/25
 22984 | Lair:4   | Reached skill level 5 in Invocations
 23861 | Lair:5   | Found a runed translucent door.
 23864 | Lair:5   | Found a viscous altar of Jiyva.
 23864 | Lair:5   | Noticed an acid blob
 23865 | Lair:5   | Noticed an acid blob
 24354 | Lair:5   | Noticed Nessos
 24755 | Lair:5   | Found a staircase to the Slime Pits.
 24788 | Lair:5   | Killed Nessos
 24788 | Lair:5   | Reached skill level 5 in Evocations
 25019 | Lair:6   | Entered Level 6 of the Lair of Beasts
 25429 | Lair:6   | Reached skill level 5 in Long Blades
 26761 | Lair:6   | Found a large runed translucent door.
 26762 | Lair:6   | Found a large runed translucent door.
 28324 | Lair:6   | Noticed a fire dragon
 28611 | Lair:6   | Killed a fire dragon
 28634 | Lair:6   | Got a slimy lajatang
 28640 | Lair:6   | Identified a scroll of acquirement
 28640 | Lair:6   | Acquired the amulet of the Present {Acrobat Str+2 Dex+2}
 29391 | D:3      | Killed Terence
 30006 | Lair:2   | Reached XP level 14. HP: 113/121 MP: 21/27
 30023 | Lair:2   | Killed Gibetzo's ghost
 30023 | Lair:2   | Reached skill level 10 in Dodging
 30269 | Lair:5   | Killed an acid blob
 30269 | Lair:5   | Reached skill level 10 in Spellcasting
 30271 | Lair:5   | Killed an acid blob
 31544 | D:12     | Found a staircase to the Orcish Mines.
 32070 | D:13     | Noticed Sonja
 32142 | D:13     | Cast into level 2 of the Abyss (Sonja)
 32162 | Abyss:2  | Noticed a white very ugly thing
 32163 | Abyss:2  | Noticed a white very ugly thing
 32164 | Abyss:2  | Noticed a white very ugly thing
 32181 | Abyss:2  | Killed a white very ugly thing
 32187 | Abyss:2  | Killed a cyan very ugly thing
 32192 | Abyss:2  | Killed a cyan very ugly thing
 32274 | Abyss:2  | Reached ****** piety under Fedhas
 32339 | Abyss:2  | HP: 8/181 [raiju/living lightning (15)]
 32339 | Abyss:2  | Killed from afar by a raiju

Illustrated notes

Levels and vault maps discovered:
D:1:      wander_arrival_lonely_grave, layout_loops_ring
D:2:      layout_rooms, kennysheep_slug_shrine, nemelex_altar_shiori,
          first_ration, chequers_ecumenical_altar_simple_redux,
          makhleb_blood_cavern_becter, uniq_robin
D:3:      layout_loops_ring, gup_sewer_entry_glass, uniq_terence
D:4:      layout_loops_ring, lemuel_crystal_altar,
          gammafunk_temple_overflow_pools,
          chequers_temple_overflow_statue_of_worship
D:5:      minmay_spotlight, layout_basic, marbit_many_paths,
          minmay_temple_entry_overgrown, basic_altar
D:6:      layout_basic, serial_shops, shop, chequers_serial_rivers_micro_b,
          minmay_unpleasant_kobolds, uniq_maggie
D:7:      layout_layer_cave, lemuel_blue_sif_altar, kennysheep_mini,
          serial_shops, kennysheep_mini_moat
D:8:      layout_rooms, yredelemnul_forgotten_temple_becter, grunt_pizzeria,
          uniq_gastronok
D:9:      layout_cave_pools, serial_shops, nicolae_shop_overgrown_old_shop
D:10:     layout_layer_cave, serial_glass, glass_columns_c, glass_columns_c,
          glass_columns_b, glass_columns_b, glass_columns_a, glass_columns_a,
          glass_columns_c, glass_columns_c, feat_on_display,
          minmay_strange_pillars, feat_on_display, feat_on_display,
          serial_shops, nicolae_shop_waterfront, uniq_snorg
D:11:     layout_loops_cross, lair_entry_dummy
D:12:     layout_loops_cross, erik_orc_3
D:13:     layout_roguey, serial_park_tiny_2, uniq_urug, uniq_sonja
Lair:1:   layout_cave_pods
Lair:2:   layout_roguey, gammafunk_ghost_wrathful_warriors,
          minmay_lair_oklob_items, lemuel_fruit_tree
Lair:3:   layout_layer_cave, swamp_mist_pool
Lair:4:   onia_ninara_swampy_vault, layout_layer_cave,
          nicolae_spider_entry_orb_guardian, nicolae_volcano_entry_hallway,
          lemuel_centaur_altar
Lair:5:   layout_gridlike, slime_altar_2, uniq_nessos
Lair:6:   cheibrodos_lair_end_hotspot, layout_gridlike, serial_forest,
          infiniplex_forest_zigzag_1, infiniplex_forest_straight_1,
          infiniplex_forest_clump_medium, infiniplex_forest_lined_corner,
          infiniplex_forest_lined_2, infiniplex_forest_side_room,
          infiniplex_forest_straight_2, zaba_anthole
Abyss:2:  base:
Lair:2

Skill      XL: |  1  2  3  4  5  6  7  8  9 10 11 12 13 14 |
---------------+-------------------------------------------+-----
Dodging        | 2 3 4 6 7 8 9 10 | 10.0
Fighting       | 1 2 3 4 5 6 8 9 10 | 10.0
Short Blades   | 1 2 3 4 5 7 8 9 |  9.5
Spellcasting   | 3 4 5 7 8 9 10 | 10.0
Conjurations   | 5 6 7 8 9 10 | 10.0
Shields        | 1 2 3 4 |  4.0
Long Blades    | 1 4 6 7 |  7.8
Invocations    | 1 4 7 8 |  8.5
Evocations     | 1 4 6 7 |  7.9
Stealth        | |  1.7

Action                   |  1- 3 |  4- 6 |  7- 9 | 10-12 | 13-15 || total
-------------------------+-------+-------+-------+-------+-------++-------
Melee: Unarmed           |    21 |       |       |       |       ||    21
       Tailslap          |     1 |     9 |    40 |    81 |   144 ||   275
       Dagger            |    15 |     4 |    35 |   384 |   724 ||  1162
       Short sword       |       |    94 |   323 |   392 |   268 ||  1077
       Scimitar          |       |       |       |    17 |    21 ||    38
Throw: Dart              |       |     5 |     1 |    90 |     6 ||   102
       Throwing net      |       |       |       |     1 |       ||     1
 Cast: Magic Dart        |    87 |    69 |       |       |       ||   156
       Fulminant Prism   |       |       |       |     9 |       ||     9
Invok: Overgrow          |       |       |       |       |     1 ||     1
 Abil: Breathe Frost     |       |       |     1 |     2 |     2 ||     5
Evoke: Wand              |       |       |     1 |     6 |     8 ||    15
  Use: Scroll            |       |    12 |     6 |    17 |     9 ||    44
       Potion            |       |       |       |     1 |     5 ||     6
 Stab: Sleeping          |       |     2 |     3 |     4 |     3 ||    12
       Paralysed         |       |       |     5 |     2 |     8 ||    15
       Invisible         |       |       |       |     2 |     2 ||     4
       Distracted        |       |       |       |     2 |       ||     2
       Held in net/web   |       |       |       |     1 |       ||     1
  Eat: Ration            |     1 |     4 |     3 |    11 |     8 ||    27
Armor: Skin              |    11 |    22 |   106 |   203 |   196 ||   538
Dodge: Dodged            |    26 |    77 |   230 |   501 |   501 ||  1335
       Repelled          |       |     1 |     7 |     4 |    27 ||    39
Block: Buckler           |       |     6 |    59 |   141 |   135 ||   341
       Rpst.: Scimitar   |       |       |       |     3 |     6 ||     9

Table legend:
 A = Non-vault XP
 B = Vault XP
 C = Vault XP percentage of total XP
 D = Non-vault monster count
 E = Vault monster count
 F = Vault count percentage of total count
                 A         B        C        D         E       F
            +---------+---------+-------+---------+---------+-------
      Total |   50419 |   31540 |  38.5 |     408 |     107 |  20.8
            +---------+---------+-------+---------+---------+-------
        D:1 |      58 |       0 |   0.0 |      29 |       0 |   0.0
        D:2 |     110 |      77 |  41.2 |      13 |      11 |  45.8
        D:3 |     200 |      66 |  24.8 |      28 |       4 |  12.5
        D:4 |     126 |       0 |   0.0 |      17 |       0 |   0.0
        D:5 |     698 |      47 |   6.3 |      17 |       2 |  10.5
        D:6 |    1008 |     798 |  44.2 |      25 |       7 |  21.9
        D:7 |    1078 |       0 |   0.0 |      35 |       0 |   0.0
        D:8 |    2034 |    2115 |  51.0 |      39 |       3 |   7.1
        D:9 |    2273 |       0 |   0.0 |      39 |       0 |   0.0
       D:10 |    1384 |    1152 |  45.4 |      11 |       1 |   8.3
       D:11 |    2320 |       0 |   0.0 |      11 |       0 |   0.0
       D:12 |    3171 |     428 |  11.9 |      20 |      11 |  35.5
       D:13 |    2026 |       0 |   0.0 |      13 |       0 |   0.0
     Lair:1 |    3455 |       0 |   0.0 |      14 |       0 |   0.0
     Lair:2 |    1173 |    2291 |  66.1 |       6 |       9 |  60.0
     Lair:3 |    5824 |       0 |   0.0 |      23 |       0 |   0.0
     Lair:4 |    7449 |    5589 |  42.9 |      24 |      15 |  38.5
     Lair:5 |    1743 |    6047 |  77.6 |       9 |       3 |  25.0
     Lair:6 |    8775 |    7177 |  45.0 |      27 |      28 |  50.9
    Abyss:2 |    5514 |       0 |   0.0 |       8 |       0 |   0.0
      Sewer |       0 |     112 | 100.0 |       0 |       6 | 100.0
    Volcano |       0 |    5641 | 100.0 |       0 |       7 | 100.0
            +---------+---------+-------+---------+---------+-------
